 Dungeon Crawl Stone Soup version 0.28.0-1-gb440e238dd (webtiles) character file.

Game seed: 3420723815214104053

487 hikkokomori the Digger (level 7, -1/54 HPs)
             Began as a Gargoyle Earth Elementalist on Feb 25, 2022.
             Killed by divine providence
             ... invoked by an orc priest
              (13 damage)
             ... on level 5 of the Dungeon.
             The game lasted 00:06:58 (2723 turns).

hikkokomori the Digger (GrEE)                       Turns: 2723, Time: 00:07:00

Health: -1/54      AC: 23    Str: 14    XL:     7   Next: 13%
Magic:  13/13      EV:  2    Int: 15    God:
Gold:   107        SH:  0    Dex: 10    Spells: 8/14 levels left

rFire   . . .      SeeInvis .   l - +8 woodcutter's axe {vorpal}
rCold   . . .      Faith    .   (no shield)
rNeg    + . .      Spirit   .   (armour currently unavailable)
rPois   ∞          Reflect  .   (helmet currently unavailable)
rElec   .          Harm     .   (cloak currently unavailable)
rCorr   .          Rampage  .   (gloves currently unavailable)
Will    .....      NoTele   +   (boots currently unavailable)
Stlth   ++........              (no amulet)
HPRegen 0.18/turn               (no ring)
MPRegen 0.13/turn               (no ring)

@: tree-form, studying Throwing
A: stationary, stasis, torment immunity, boosted hp, sickness immunity, AC +4,
negative energy resistance 1, (electricity resistance), torment resistance 1,
petrification resistance
a: no special abilities


You were on level 5 of the Dungeon.
You were a tree.
You visited 1 branch of the dungeon, and saw 4 of its levels.

You collected 107 gold pieces.

Inventory:

Hand Weapons
 e - a +0 whip
 l - the +8 woodcutter's axe (weapon) {vorpal}
   (You took it off a kobold on level 2 of the Dungeon)

   It inflicts extra damage upon your enemies.
Missiles
 c - 35 stones
Armour
 b - a +0 robe
 h - a +0 leather armour
 i - a +2 pair of gloves (melded)
 r - a +0 ring mail of willpower (melded)
Jewellery
 q - a ring of positive energy
Scrolls
 d - 5 scrolls of identify {unknown}
 f - a scroll of noise {unknown}
 k - a scroll of torment {unknown}
 m - a scroll of summoning {unknown}
 n - 2 scrolls of enchant weapon {unknown}
 o - 2 scrolls of immolation {unknown}
Potions
 a - a potion of might {unknown}
 g - a potion of lignification
 j - a potion of attraction {unknown}


   Skills:
 + Level 2.3 Armour
 - Level 1.5 Dodging
 + Level 4.7 Stealth
 + Level 4.1 Spellcasting
 - Level 0.7 Transmutations
 + Level 6.1 Earth Magic


You had 8 spell levels left.
You knew the following spells:

 Your Spells              Type           Power      Damage    Failure   Level
a - Sandblast             Erth           42%        2d11      1%          1
b - Passwall              Tmut/Erth      10%        N/A       7%          2
c - Stone Arrow           Conj/Erth      24%        3d8       16%         3

Your spell library contained the following spells:

 Spells                   Type           Power      Damage    Failure   Level
 Petrify                  Tmut/Erth      13%        N/A       41%         4
 Portal Projectile        Hex/Tloc       6%         N/A       47%         3
 Blade Hands              Tmut           2%         N/A       98%         5
 Excruciating Wounds      Necr           1%         N/A       99%         5


Dungeon Overview and Level Annotations

Branches:
Dungeon (3/15)

Altars:

Shops:
D:2 (


Innate Abilities, Weirdness & Mutations

You are a tree.
Your roots penetrate the ground, keeping you stationary.
You cannot be teleported.
You are immune to unholy pain and torment.
Your maximum health is greatly increased.
Your equipment is partially melded.
You are immune to sickness and miasma.
((Your stone body is resilient. (AC +4)))
You are immune to poison.
You resist negative energy. (rN+)
((You are resistant to electric shocks. (rElec)))
You are resistant to unholy torment.
You are immune to petrification.


Message History

The centaur kicks you but does no damage.
Something hits you but does no damage.
You slash the centaur!
You kill the centaur!
You miss something.
You hear some strange, mumbled words.
A puff of flame appears from out of thin air!
The puff of flame hits you.
You have reached level 7!
You barely miss the black bear. You miss something. The black bear bites you.
The black bear claws you but does no damage.
The black bear closely misses you. Something hits you but does no damage.
Unknown command.
You hit the black bear.
The black bear is lightly wounded.
You barely miss something.
You hear a shout!
The black bear closely misses you. The black bear barely misses you.
The black bear claws you but does no damage.
You hear some strange, mumbled words.
A puff of flame appears from out of thin air!
The puff of flame hits you.
* * * LOW HITPOINT WARNING * * *
It was a potion of lignification.
You turn into a tree.
Your +2 pair of gloves melds into your body.
Your +0 ring mail of willpower melds into your body.
You feel less strong-willed.
Your roots penetrate the ground.
The black bear bites you.
* * * LOW HITPOINT WARNING * * *
The black bear claws you but does no damage. x2
You hear some strange, mumbled words.
Something tries to affect you, but you resist.
Unknown command.
You feel better.
The black bear bites you but does no damage.
The black bear claws you but does no damage. x2
Something hits you but does no damage.
The orc priest calls down the wrath of Beogh upon you.
Beogh smites you!
You die...

♣#♣#.########.. .o...
#♣≈#........... ....
♣♣≈#........... h..#
≈≈##.########## ...#
#'##.# ##.c# .....#
##))# #.#..# ##o.#
#....# ##.h### ##...#
#..{♣.## #...##
##......## ##....##
##........# .......#
##.........#
.......###..#.......#
........##..#.......##
........#..##†.......#
..........###........#
.........## #........#


You could see a black bear and an orc priest.

Vanquished Creatures
  A necrophage (D:5)
  A centaur (D:5)
  A scorpion (D:5)
  An iguana (D:5)
  An orc wizard (D:5)
  A scorpion zombie (D:5)
  Robin (D:3)
  7 adders
  3 gnolls (D:3)
  A worm (D:2)
  2 dart slugs (D:1)
  2 orcs
  6 bats
  3 endoplasms
  A giant cockroach (D:2)
  16 goblins
  8 hobgoblins
  6 jackals
  6 kobolds
  A quokka (D:1)
  4 ball pythons
  6 frilled lizards
  7 rats
86 creatures vanquished.

Notes
Turn   | Place    | Note
-------+----------+-------------------------------------------
     0 | D:1      | hikkokomori the Gargoyle Earth Elementalist began the quest
                  | for the Orb.
     0 | D:1      | Reached XP level 1. HP: 10/10 MP: 3/3
    53 | D:1      | Reached XP level 2. HP: 14/15 MP: 0/5
    72 | D:1      | Reached skill level 4 in Earth Magic
   712 | D:1      | Reached XP level 3. HP: 19/19 MP: 3/6
  1236 | D:2      | Found Norch's Weapon Shoppe.
  1600 | D:2      | Reached XP level 4. HP: 24/24 MP: 8/8
  2116 | D:3      | Found a faded altar of an unknown god.
  2125 | D:3      | Noticed Robin
  2128 | D:3      | Reached skill level 5 in Earth Magic
  2162 | D:2      | Learned a level 2 spell: Passwall
  2166 | D:2      | Learned a level 3 spell: Stone Arrow
  2173 | D:3      | Killed Robin
  2174 | D:3      | Reached XP level 5. HP: 28/28 MP: 9/9
  2491 | D:3      | You fall into a shaft and drop 2 floors!
  2491 | D:5      | Entered Level 5 of the Dungeon
  2555 | D:5      | Reached XP level 6. HP: 32/32 MP: 11/11
  2664 | D:5      | Reached skill level 1 in Armour
  2670 | D:5      | Noticed a necrophage
  2677 | D:5      | Killed a necrophage
  2707 | D:5      | Reached skill level 6 in Earth Magic
  2709 | D:5      | Noticed a black bear
  2720 | D:5      | Reached XP level 7. HP: 14/36 MP: 13/13
  2723 | D:5      | Killed from afar by an orc priest

Illustrated notes

Levels and vault maps discovered:
D:1:      dpeg_arrival_windows_large_door, layout_rooms
D:2:      layout_loops_ring, serial_shops, shop, palyth_stone_intersect,
          hangedman_decor_clover_reticule, minivault_14, minmay_box_of_dots
D:3:      layout_rooms, ebering_ecumenical_altar_abandoned, uniq_robin
D:5:      layout_cave_pods, kennysheep_mini_moat, saegor_snake_ambush

Skill      XL: |  1  2  3  4  5  6 |
---------------+-------------------+-----
Earth Magic    | 4 5 6 |  6.1
Spellcasting   | 3 4 |  4.1
Stealth        | 3 4 |  4.7
Armour         | 2 |  2.3
Dodging        | |  1.5
Transmutations | |  0.7

Action                   |  1- 3 |  4- 6 |  7- 9 || total
-------------------------+-------+-------+-------++-------
Melee: Unarmed           |    26 |       |       ||    26
       Whip              |    68 |       |       ||    68
       War axe           |    10 |    80 |     2 ||    92
       Punch             |       |     1 |       ||     1
 Cast: Sandblast         |    31 |       |       ||    31
  Use: Potion            |       |     1 |     2 ||     3
 Stab: Sleeping          |     1 |     4 |       ||     5
Armor: Robe              |    29 |       |       ||    29
       Leather armour    |    23 |    24 |       ||    47
       Ring mail         |       |    22 |     3 ||    25
       Skin              |       |       |     6 ||     6
Dodge: Dodged            |    84 |    36 |     3 ||   123
